 Dungeon Crawl Stone Soup version 0.25.1-2-g60ff931df9 (webtiles) character file.

Game seed: 7921750285467638782

59413 DearestLeader the Severer (level 14, -4/101 HPs)
             Began as a Demonspawn Abyssal Knight on Sept 27, 2020.
             Was the Champion of Lugonu.
             Hit by a javelin thrown by a minotaur (19 damage)
             ... in a Gauntlet.
             The game lasted 01:11:22 (23824 turns).

DearestLeader the Severer (DsAK)                   Turns: 23824, Time: 01:11:22

Health: -4/101     AC: 23    Str: 17    XL:     14   Next: 53%
Magic:  0/22       EV: 15    Int: 15    God:    Lugonu [******]
Gold:   1523       SH:  8    Dex: 19    Spells: 11/13 levels left

rFire    + + +     SeeInvis .   Q - +2 broad axe (flame)
rCold    . . .     Gourm    .   U - +2 buckler of the Skies Above {rN+}
rNeg     + + .     Faith    .   f - +1 fire dragon scales
rPois    .         Spirit   +   (helmet unavailable)
rElec    .         Reflect  .   x - +1 cloak {rF+}
rCorr    .         Harm     .   g - +0 pair of gloves
MR       +....     NoTele   +   Z - +1 pair of boots {Stlth+}
Stlth    ++........             V - amulet of guardian spirit
HPRegen  0.26/turn              J - +4 ring of protection
MPRegen  0.18/turn              w - ring "Erom" {rC+ rN+ Dex+3}

@: hasted, very quick
A: horns 3, thin skeletal structure 2, demonic guardian 1, powered by death 2
a: Depart the Abyss, Bend Space, Banish, Corrupt, Enter the Abyss, Brand Weapon
With Distortion, Renounce Religion


You were in a Gauntlet.
You worshipped Lugonu.
Lugonu was exalted by your worship.
You were very hungry.

You visited 3 branches of the dungeon, and saw 20 of its levels.
You visited the Abyss 1 time.
You also visited: Gauntlet and Volcano.

You collected 2361 gold pieces.
You spent 838 gold pieces at shops.

Inventory:

Hand Weapons
 b - a +0 broad axe
 H - a +2 vorpal hand axe
 K - a +2 flail of draining
 Q - a +2 broad axe of flaming (weapon)
 W - a +2 vorpal battleaxe
Missiles
 h - 44 boomerangs (quivered)
Armour
 f - +1 fire dragon scales (worn)
 g - a +0 pair of gloves (worn)
 j - a +2 scale mail of poison resistance
 x - a +1 cloak of fire resistance (worn)
 O - a +1 chain mail of fire resistance
 U - the +2 buckler of the Skies Above (worn) {rN+}
   (You found it on level 6 of the Lair of Beasts)

   It protects you from negative energy.
 Z - a +1 pair of boots of stealth (worn)
Jewellery
 w - the ring "Erom" (right hand) {rC+ rN+ Dex+3}
   (You acquired it on level 2 of the Lair of Beasts)

   [ring of protection from cold]

   It affects your dexterity (+3).
   It protects you from cold.
   It protects you from negative energy.
 y - a +6 ring of strength
 G - an uncursed amulet of regeneration
 J - a +4 ring of protection (left hand)
 V - an amulet of guardian spirit (around neck)
 X - the ring "Kewis" {Fire rElec rN+ Int-5 Stlth+}
   (You acquired it on level 2 of the Orcish Mines)

   [ring of fire]

   It enhances your fire magic.
   It affects your intelligence (-5).
   It protects you from fire.
   It makes you vulnerable to cold.
   It insulates you from electricity.
   It protects you from negative energy.
   It makes you more stealthy.
Wands
 n - a wand of enslavement (9)
 r - a wand of digging (6)
 t - a wand of iceblast (24)
 D - a wand of flame (77)
 F - a wand of paralysis (11)
Scrolls
 i - 11 scrolls of remove curse
 l - 2 scrolls of enchant armour
 p - 2 scrolls of enchant weapon
 v - 2 scrolls of silence
 B - a scroll of fear
 C - 2 scrolls of teleportation
 I - 4 scrolls of immolation
 L - 6 scrolls of magic mapping
 P - a scroll of vulnerability {unknown}
 R - a scroll of amnesia {unknown}
 S - a scroll of torment {unknown}
 Y - a scroll of identify
Potions
 a - a potion of haste
 e - 3 potions of brilliance
 k - 3 potions of might
 o - a potion of stabbing
 q - 3 potions of magic
 s - a potion of ambrosia
 u - 2 potions of cancellation
 z - 2 potions of curing
 A - 2 potions of flight
 E - 5 potions of lignification
 M - 2 potions of berserk rage {unknown}
 N - a potion of resistance
Comestibles
 c - 20 rations
 d - 4 chunks of flesh


   Skills:
 + Level 6.4 Fighting
 * Level 15.7 Axes
 + Level 11.3 Armour
 + Level 8.9 Dodging
 - Level 4.0 Shields
 - Level 11.0 Invocations


You had 11 spell levels left.
You knew the following spells:

 Your Spells              Type           Power        Failure   Level  Hunger
a - Ensorcelled Hibernat  Hex/Ice        #.....       78%         2    ###....

Your spell library contained the following spells:

 Spells                   Type           Power        Failure   Level  Hunger
 Corona                   Hex            #......      65%         1    ##.....
 Foxfire                  Conj/Fire      #...         65%         1    ##.....
 Freeze                   Ice            #...         65%         1    ##.....
 Summon Small Mammal      Summ           #...         65%         1    ##.....
 Call Imp                 Summ           #.......     78%         2    ###....
 Call Canine Familiar     Summ           #.......     95%         3    ####...
 Confusing Touch          Hex            #.......     95%         3    ####...
 Conjure Flame            Conj/Fire      #.......     95%         3    ####...
 Dazzling Flash           Conj/Hex       #.....       95%         3    ####...
 Frozen Ramparts          Ice            #.....       95%         3    ####...
 Inner Flame              Hex/Fire       #.......     95%         3    ####...
 Ozocubu's Armour         Chrm/Ice       #.......     95%         3    ####...
 Summon Guardian Golem    Hex/Summ       #.......     95%         3    ####...
 Tukima's Dance           Hex            #.......     95%         3    ####...
 Hailstorm                Conj/Ice       #.......     100%        4    #####..
 Sticky Flame             Conj/Fire      #.......     100%        4    #####..
 Summon Ice Beast         Ice/Summ       #.......     100%        4    #####..
 Summon Lightning Spire   Summ/Air       #.......     100%        4    #####..
 Borgnjor's Vile Clutch   Necr/Erth      #.........   100%        5    ######.
 Fireball                 Conj/Fire      #.........   100%        5    ######.
 Silence                  Hex/Air        #.........   100%        5    ######.
 Conjure Ball Lightning   Conj/Air       #.........   100%        6    #######
 Darkness                 Hex            #.........   100%        6    #######
 Shadow Creatures         Summ           N/A          100%        6    #######
 Tornado                  Air            #.........   100%        9    #######


Dungeon Overview and Level Annotations

Branches:
Dungeon (12/15)            Temple (0/1) D:4            Lair (6/6) D:10
 Shoals (0/4) Lair:4       Spider (0/4) Lair:3        Slime (0/5) Lair:5
    Orc (2/2) D:11            Elf (0/3) Orc:2       Volcano (visited)
Gauntlet (1/1)

Altars:
Cheibriados
Dithmenos
Gozag
Hepliaklqana
Makhleb
Nemelex Xobeh
Okawaru
Qazlal
Trog
Uskayaw
Vehumet
Xom
Yredelemnul

Shops:
D:5 *   D:12 }   Orc:2 %?}:

Annotations:
D:2 Terence
D:4 2 runed translucent doors, lllmatko's ghost, amateur MiBe
D:5 Prince Ribbit
Lair:3 1 runed translucent door, generaletaddeo's ghost, journeyman TeVM Gauntlet 6 transporters, 2 runed translucent doors


Innate Abilities, Weirdness & Mutations

You have a pair of large horns on your head.
You have a moderately thin skeletal structure. (Dex +4, Stealth+)
A weak demonic guardian rushes to your aid.
You regenerate health from kills.


Message History

You block the minotaur's attack.
The minotaur gores you but does no damage.
Your quasit barely misses the minotaur. x2
Your quasit claws the minotaur but does no damage.
You see here 5 javelins.
Press: ? - help, Shift-Dir - straight line, f/p - minotaur
Aim: a minotaur, wielding the +7 flail "Hian" {vorpal, rElec rPois rN+ MP-9}, wearing a +0 plate armour and quivering 7 javelins (lightly wounded, chance to defeat MR: 25%)
The minotaur resists with almost no effort.
You are feeling very hungry.
The minotaur throws a javelin.
The javelin pierces through you!
* * * LOW HITPOINT WARNING * * *
Your quasit bites the minotaur but does no damage.
Your quasit barely misses the minotaur.
Your quasit claws the minotaur but does no damage.
You don't have enough magic at the moment.
The minotaur throws a javelin.
The javelin closely misses you.
You see here a javelin.
Your quasit bites the minotaur zombie.
Your quasit claws the minotaur zombie. x2
The minotaur throws a javelin.
The javelin pierces through you!!
You die...

#.#.....##≈..#...#....
#.#.##..###..#...#.... ###+#
#...##....#..#[.#.....
###..⌠.##(#.##...©#..#########
#.'⌠...5'(#.......#...........
###...∩##H#.##....#.∩.........
#.⌠.. #...##...©#..#########
##+## #.#.##....#..###9..###
#.#.(@..###..###?..###
#.#.##..##≈..##(+##.Y#
#...##..###..#©.#©#.9#
######..##§..##[##+..#
#####..###...###


You could see a minotaur and a friendly quasit (summoned).

Vanquished Creatures
  A fire dragon (Lair:6)
  Erolcha (Orc:1)
  3 hydras
  A catoblepas (Gauntlet)
  8 death yaks
  6 orc high priests
  Urug (Lair:5)
  A salamander mystic (Volcano)
  A swamp dragon (Lair:6)
  4 orc knights (Orc:2)
  An ugly thing (D:11)
  A deep elf mage (D:11)
  An orc sorcerer (Orc:2)
  4 elephants
  3 salamanders (Volcano)
  3 black mambas
  14 spiny frogs
  Maurice (D:11)
  2 gargoyles (Gauntlet)
  Psyche (D:8)
  2 komodo dragons
  3 rime drakes
  4 trolls
  2 polar bears
  A hornet (D:10)
  2 slime creatures (Gauntlet)
  8 blink frogs
  12 dream sheep
  6 hippogriffs
  32 yaks
  A basilisk (Lair:6)
  A steam dragon (Lair:6)
  4 hogs (D:9)
  A human (D:9)
  A hungry ghost (D:12)
  2 wargs (Orc:2)
  2 acid dragons
  8 porcupines
  9 water moccasins
  41 orc warriors
  An eye of draining (D:9)
  3 ice beasts
  4 phantoms
  2 sky beasts
  A black bear (D:7)
  2 swamp drakes (Lair:6)
  12 ogres
  10 wolves
  10 centaurs
  21 crocodiles
  A big kobold (D:10)
  16 bullfrogs
  A wyvern skeleton (D:11)
  4 scorpions
  5 wights
  18 killer bees
  2 howler monkeys
  5 crimson imps
  2 bullfrog zombies
  2 quasits (D:10)
  A wyvern simulacrum (D:10)
  3 hounds
  28 orc priests
  2 bullfrog skeletons (D:10)
  7 jellies
  Jessica (D:3)
  Ijyb (D:3)
  4 iguanas
  14 orc wizards
  8 worker ants
  A killer bee zombie (D:8)
  A howler monkey skeleton (D:7)
  7 adders
  2 gnolls (D:6)
  4 shadow imps
  3 oozes (Lair:5)
  3 worms
  2 adder zombies
  A dart slug (D:1)
  5 leopard geckos
  77 orcs
  9 bats
  6 giant cockroaches
  6 goblins
  14 hobgoblins
  10 jackals
  12 kobolds
  3 quokkas
  4 ball pythons
  A frilled lizard (D:2)
  A jackal zombie (D:6)
  A leopard gecko skeleton (D:4)
  9 rats
  A fungus (Lair:4)
  2 plants (Lair:6)
576 creatures vanquished.

Vanquished Creatures (collateral kills)
  Fannar (Lair:2)
  Pikel (D:7)
  A necromancer (Gauntlet)
  An elephant (Lair:4)
  2 spiny frogs
  2 blink frogs (Lair:2)
  2 yaks
  A hungry ghost (D:5)
  A swamp drake (Lair:6)
  An orc warrior (D:8)
  An ogre (D:8)
  3 bullfrogs
  A wyvern skeleton (D:7)
  A killer bee (D:7)
  2 wights
  An orc priest (Orc:2)
  An orc wizard (D:8)
  2 gnolls (D:6)
  A leopard gecko (D:6)
  5 orcs
  3 kobolds (D:10)
34 creatures vanquished.

Vanquished Creatures (others)
  A hydra (Lair:1)
  An orc high priest (Orc:2)
  An orc knight (Orc:2)
  2 salamanders (Volcano)
  An orc sorcerer (Orc:2)
  A gnoll sergeant (D:6)
  A centaur zombie (D:11)
  8 fungi
  8 plants
24 creatures vanquished.

Grand Total: 634 creatures vanquished

Notes
Turn   | Place    | Note
-------+----------+-------------------------------------------
     0 | Abyss:1  | DearestLeader the Demonspawn Abyssal Knight began the quest
                  | for the Orb.
     0 | Abyss:1  | Reached XP level 1. HP: 18/18 MP: 2/2
    47 | Abyss:1  | Noticed a quasit
    48 | D:1      | Escaped the Abyss
   104 | D:1      | Reached skill level 2 in Axes
   354 | D:1      | Reached * piety under Lugonu
   354 | D:1      | Gained mutation: You regenerate a little health from kills.
                  | [demonic ancestry]
   354 | D:1      | Reached XP level 2. HP: 17/24 MP: 4/4
  1255 | D:2      | Gained mutation: You have a somewhat thin skeletal
                  | structure. (Dex +2, Stealth) [demonic ancestry]
  1255 | D:2      | Reached XP level 3. HP: 28/29 MP: 5/5
  1412 | D:2      | Reached skill level 3 in Axes
  1474 | D:2      | Found a shadowy altar of Dithmenos.
  1474 | D:2      | Found a hazy altar of Hepliaklqana.
  1481 | D:2      | Noticed a shadow
  1506 | D:2      | Noticed Terence
  1862 | D:3      | Gained mutation: You have a pair of small horns on your
                  | head. [demonic ancestry]
  1862 | D:3      | Reached XP level 4. HP: 35/35 MP: 6/6
  2365 | D:2      | Reached ** piety under Lugonu
  2422 | D:2      | Found a stormy altar of Qazlal.
  2776 | D:3      | Noticed Ijyb
  2791 | D:3      | Killed Ijyb
  2791 | D:3      | Reached skill level 4 in Axes
  2791 | D:3      | Gained mutation: You regenerate health from kills. [demonic
                  | ancestry]
  2791 | D:3      | Reached XP level 5. HP: 41/41 MP: 8/8
  2868 | D:3      | Noticed Jessica
  2874 | D:3      | Killed Jessica
  2990 | D:4      | Found a staircase to the Ecumenical Temple.
  3023 | D:4      | Found a runed translucent door.
  3025 | D:4      | Noticed lllmatko's ghost (amateur MiBe)
  3111 | D:4      | Found a runed translucent door.
  3343 | D:4      | Noticed an ice beast
  3364 | D:4      | Killed an ice beast
  3364 | D:4      | Reached skill level 5 in Invocations
  3364 | D:4      | Gained mutation: A weak demonic guardian rushes to your
                  | aid. [demonic ancestry]
  3364 | D:4      | Reached XP level 6. HP: 29/47 MP: 9/9
  3851 | D:5      | Entered Level 5 of the Dungeon
  3854 | D:5      | Noticed Prince Ribbit
  3962 | D:5      | Found Vuvithag's General Store.
  3966 | D:5      | Bought 2 potions of heal wounds for 110 gold pieces
  3971 | D:5      | Noticed a hungry ghost
  3980 | D:5      | Reached skill level 5 in Axes
  3980 | D:5      | Reached skill level 1 in Dodging
  3993 | D:5      | Killed a hungry ghost
  4025 | D:5      | Reached XP level 7. HP: 46/52 MP: 11/11
  4797 | D:5      | Reached skill level 6 in Axes
  5494 | D:7      | Reached *** piety under Lugonu
  5556 | D:7      | Gained mutation: You have a moderately thin skeletal
                  | structure. (Dex +4, Stealth+) [demonic ancestry]
  5556 | D:7      | Reached XP level 8. HP: 52/58 MP: 11/13
  6081 | D:7      | Noticed a hippogriff
  6094 | D:7      | Killed a hippogriff
  6094 | D:7      | Reached skill level 7 in Axes
  6873 | D:6      | Reached skill level 8 in Axes
  6979 | D:6      | Found a radiant altar of Vehumet.
  6986 | D:6      | Gained mutation: You have a pair of horns on your head.
                  | [demonic ancestry]
  6986 | D:6      | Reached XP level 9. HP: 54/63 MP: 15/15
  7104 | D:6      | Reached **** piety under Lugonu
  7134 | D:6      | Found a basalt altar of Yredelemnul.
  7958 | D:7      | Reached skill level 5 in Armour
  8643 | D:7      | Found a basalt altar of Yredelemnul.
  8699 | D:7      | Found an iron altar of Okawaru.
  9069 | D:8      | Noticed Psyche
  9076 | D:8      | Killed Psyche
  9186 | D:8      | Noticed a +0 hand axe
  9187 | D:8      | Noticed a +0 hand axe
  9347 | D:8      | Reached skill level 9 in Axes
  9482 | D:8      | Noticed Pikel
  9527 | D:7      | Killed Pikel
  9607 | D:8      | Reached ***** piety under Lugonu
  9678 | D:8      | Found a hide-covered altar of Uskayaw.
 10028 | D:9      | Gained mutation: You have a pair of large horns on your
                  | head. [demonic ancestry]
 10028 | D:9      | Reached XP level 10. HP: 73/73 MP: 17/17
 10247 | D:9      | Found a bloodstained altar of Trog.
 10247 | D:9      | Found a burning altar of Makhleb.
 10252 | D:9      | Found an opulent altar of Gozag.
 10254 | D:9      | Found a faded altar of an unknown god.
 10255 | D:9      | Found a faded altar of an unknown god.
 10640 | D:9      | Reached skill level 5 in Fighting
 10778 | D:9      | Found a snail-covered altar of Cheibriados.
 10779 | D:9      | Found a shimmering altar of Xom.
 10781 | D:9      | Found a sparkling altar of Nemelex Xobeh.
 10943 | D:9      | Reached skill level 10 in Invocations
 10949 | D:9      | Reached skill level 10 in Axes
 11080 | D:10     | Entered Level 10 of the Dungeon
 11534 | D:10     | Reached skill level 11 in Axes
 11534 | D:10     | Reached XP level 11. HP: 69/79 MP: 19/19
 11598 | D:10     | Found a staircase to the Lair.
 12514 | Lair:1   | Entered Level 1 of the Lair of Beasts
 12527 | Lair:1   | Noticed an eight-headed hydra
 12535 | Lair:1   | Banished an eight-headed hydra
 13126 | Lair:1   | Reached skill level 12 in Axes
 13383 | Lair:2   | Noticed Fannar
 13412 | Lair:1   | Got a spiked scale mail
 13422 | Lair:1   | Identified the cursed +1 scale mail "Lodghosma" {rC+ Int+4
                  | Dex+7 Slay-4} (You found it on level 1 of the Lair of
                  | Beasts)
 13477 | Lair:2   | Killed Fannar
 13808 | Lair:2   | Identified a scroll of acquirement
 13809 | Lair:2   | Acquired the ring "Erom" {rC+ rN+ Dex+3}
 14432 | Lair:3   | Found a hole to the Spider Nest.
 14449 | Lair:3   | Reached XP level 12. HP: 77/86 MP: 20/20
 14688 | Lair:3   | Found a runed translucent door.
 14692 | Lair:3   | Found a shimmering altar of Xom.
 14692 | Lair:3   | Noticed generaletaddeo's ghost (journeyman TeVM)
 15058 | Lair:3   | Reached skill level 5 in Dodging
 15148 | Lair:3   | You fall into a shaft and drop 1 floor!
 15172 | Lair:4   | Noticed a catoblepas
 15197 | Lair:4   | Found a dark tunnel.
 15208 | Lair:4   | Found a staircase to the Shoals.
 15240 | Volcano  | Entered a volcano
 15290 | Volcano  | Reached skill level 13 in Axes
 15301 | Volcano  | HP: 4/86 [salamander/arrow (1)]
 15451 | Volcano  | Noticed a red draconian
 15462 | Volcano  | Banished a red draconian
 15778 | Lair:3   | Banished a catoblepas
 16550 | Lair:4   | Noticed a five-headed hydra
 16577 | Lair:4   | Killed a five-headed hydra
 17405 | Lair:5   | Found a staircase to the Slime Pits.
 17535 | Lair:5   | Reached skill level 14 in Axes
 17734 | Lair:4   | Reached XP level 13. HP: 73/91 MP: 21/21
 17750 | Lair:5   | Reached skill level 10 in Armour
 18149 | Lair:6   | Entered Level 6 of the Lair of Beasts
 18203 | Lair:6   | Noticed Urug
 18335 | Lair:5   | Killed Urug
 18346 | Lair:5   | Reached ****** piety under Lugonu
 18837 | Lair:6   | Noticed a fire dragon
 18857 | Lair:6   | Killed a fire dragon
 18929 | Lair:6   | Got a glimmering buckler
 18934 | Lair:6   | Identified the +2 buckler of the Skies Above {rN+} (You
                  | found it on level 6 of the Lair of Beasts)
 19031 | Lair:6   | Reached skill level 1 in Shields
 19994 | D:11     | Found a staircase to the Orcish Mines.
 20007 | D:11     | Noticed Maurice
 20031 | D:11     | Killed Maurice
 20779 | Orc:1    | Entered Level 1 of the Orcish Mines
 20794 | Orc:1    | Reached skill level 15 in Axes
 20986 | Orc:1    | Noticed Erolcha
 20994 | Orc:1    | Killed Erolcha
 21182 | Orc:2    | Entered Level 2 of the Orcish Mines
 21354 | Orc:2    | Found a staircase to the Elven Halls.
 21460 | Orc:2    | Found a burning altar of Makhleb.
 21629 | Orc:2    | Reached XP level 14. HP: 35/98 MP: 5/22
 23034 | Orc:2    | Found Byntuseh's Food Shop.
 23037 | Orc:2    | Found Zeub's Gadget Shop.
 23038 | Orc:2    | Found Toagufrej's Book Shop.
 23039 | Orc:2    | Found Fofaa's Magic Scroll Boutique.
 23045 | Orc:2    | Bought a scroll of acquirement for 728 gold pieces
 23045 | Orc:2    | Acquired the ring "Kewis" {Fire rElec rN+ Int-5 Stlth+}
 23207 | D:12     | Found a shimmering altar of Xom.
 23212 | D:12     | Found a shimmering altar of Xom.
 23230 | D:12     | Found Tysuoq's Gadget Boutique.
 23414 | D:12     | Learned a level 2 spell: Ensorcelled Hibernation
 23447 | D:12     | Found a gate leading to a gauntlet.
 23459 | Gauntlet | Entered a Gauntlet
 23459 | Gauntlet | Found a transporter.
 23459 | Gauntlet | Found a transporter.
 23459 | Gauntlet | Found a transporter.
 23460 | Gauntlet | Found a transporter.
 23468 | Gauntlet | Found a transporter.
 23470 | Gauntlet | Found a transporter.
 23476 | Gauntlet | Found a transporter.
 23479 | Gauntlet | Found a transporter.
 23479 | Gauntlet | Found a transporter.
 23481 | Gauntlet | Found a transporter.
 23485 | Gauntlet | Found a runed translucent door.
 23487 | Gauntlet | Found a runed translucent door.
 23489 | Gauntlet | Found a transporter.
 23490 | Gauntlet | Found a transporter.
 23796 | Gauntlet | Identified the +7 flail "Hian" {vorpal, rElec rPois rN+
                  | MP-9}
 23824 | Gauntlet | Hit by a javelin thrown by a minotaur

Illustrated notes

Levels and vault maps discovered:
D:1:      saegor_arrival_simple_b, layout_rooms, serial_co_window_serial,
          co_window_of_opportunity_a, co_window_corner_a, co_window_corner_a,
          co_window_of_opportunity_a, co_window_corner_a, co_window_broadway_c,
          co_window_unsneaky_path_b, co_window_of_opportunity_c,
          co_window_paths_d, co_window_4corner_a, minmay_misc_feat_more_columns
D:2:      layout_loops_cross, riverfiend_overflow_shadow_ancestor,
          lemuel_crystal_altar, first_ration, uniq_terence
D:3:      layout_basic, minmay_misc_feat_enclosed, minmay_cupped, uniq_ijyb,
          uniq_jessica
D:4:      layout_loops_corners, minmay_temple_entry_arrows,
          ebering_ghost_sewer_f
D:5:      layout_basic, serial_shops, shop, chequers_serial_rivers_small_3,
          uniq_prince_ribbit1
D:6:      layout_gridville, vehumet_altar_wand_db, basic_altar
D:7:      layout_basic, yredelemnul_altar_generic, okawaru_gym_becter
D:8:      layout_rooms, dancing_weapons_uskayaw, uniq_pikel, uniq_psyche
D:9:      layout_loops_corners, chequers_temple_overflow_minitemple,
          grunt_temple_overflow_open, grunt_livestock
D:10:     layout_basic, minmay_lair_entry_grove
D:11:     layout_long_grid, orc_0_dummy, grunt_ministairs_3, uniq_maurice
D:12:     layout_long_grid, serial_shops,
          nicolae_shop_competitors_out_of_business, gauntlet_entry_generic,
          xom_redecorated
Lair:1:   layout_regular_city
Lair:2:   layout_misc_corridors, uniq_fannar
Lair:3:   layout_regular_city, dummy_spider_entry, ebering_ghost_xom,
          serial_bayou_pond_b
Lair:4:   layout_cave_pods, elwin_shoals_entry_rocks,
          nicolae_volcano_entry_two_sided
Lair:5:   layout_misc_corridors, nicolae_slime_entry_slimehenge,
          grunt_megastairs_4
Lair:6:   guppyfry_lair_end_dragon, layout_misc_corridors, uniq_urug
Orc:1:    layout_caves, uniq_erolcha
Orc:2:    st_orc_pillars, layout_diamond_mine, bloody_makhleb
Gauntlet: minmay_gauntlet_mixed_big_or_small [nicolae_gauntlet_arena_quarters,
          minmay_gauntlet_arena_77_checkered, nicolae_gauntlet_arena_t_cross,
          minmay_gauntlet_arena_77_tiled_triplets, nicolae_gauntlet_swirl,
          minmay_gauntlet_arena_77_cramped, gauntlet_exit_hidden_loot]

Skill      XL: |  1  2  3  4  5  6  7  8  9 10 11 12 13 14 |
---------------+-------------------------------------------+-----
Axes           | 2 3 4 5 6 8 9 11 12 14 15 | 15.7
Invocations    | 3 4 5 6 8 9 11 | 11.0
Armour         | 2 3 4 5 7 8 9 10 11 | 11.3
Dodging        | 1 2 4 6 8 |  8.9
Fighting       | 4 5 6 |  6.4
Shields        | 4 |  4.0

Action                   |  1- 3 |  4- 6 |  7- 9 | 10-12 | 13-15 || total
-------------------------+-------+-------+-------+-------+-------++-------
Melee: Hand axe          |   159 |   166 |   632 |    50 |       ||  1007
       Headbutt          |       |    22 |   125 |   208 |   198 ||   553
       Flail             |       |       |       |   775 |    68 ||   843
       Broad axe         |       |       |       |       |   733 ||   733
Throw: Boomerang         |       |       |     4 |       |     4 ||     8
Invok: Depart the Abyss  |     1 |       |       |       |       ||     1
       Banish            |       |       |     1 |     7 |     7 ||    15
Evoke: Wand              |       |       |     4 |       |     7 ||    11
  Use: Scroll            |     3 |     1 |     4 |    19 |     8 ||    35
       Potion            |       |       |     5 |     4 |     4 ||    13
 Stab: Sleeping          |       |     1 |       |       |       ||     1
       Distracted        |       |       |     4 |     4 |    10 ||    18
       Invisible         |       |       |     2 |       |       ||     2
       Paralysed         |       |       |       |       |     3 ||     3
  Eat: Chunk             |     3 |     6 |    13 |    24 |    18 ||    64
       Ration            |       |     1 |     2 |     1 |     1 ||     5
Armor: Leather armour    |    51 |       |       |       |       ||    51
       Ring mail         |    28 |    73 |     9 |       |       ||   110
       Chain mail        |       |       |   295 |     4 |       ||   299
       Scale mail        |       |       |    30 |   301 |       ||   331
       Fire dragon scale |       |       |       |   139 |   315 ||   454
Dodge: Dodged            |    97 |    93 |   205 |   534 |   422 ||  1351
Block: Buckler           |       |       |       |       |   210 ||   210
